Map: Catalyst LE

Players

CiTr - Winner!

  • Race: Terran Terran
  • League: Diamond
  • Spawn Location: 5:00

JeanFer

  • Race: Zerg Zerg
  • League: Diamond
  • Spawn Location: 11:00

VOD

Have the link to the VOD?

Description

Time

  • Played on: July 15, 2018, 2:01 p.m.
  • Length: 6:14
Show
View Real Time Build Order
Export as new Build Order

CiTr Terran - Winner!

Build Orders: Liberator Opening, Reaper Expand 

Get SALT Encoding   

  12  0:01  SCV  
  13  0:13  SCV  
  14  0:19  Supply Depot  
  14  0:25  SCV  
  15  0:41  SCV  
  15  0:42  Barracks  
  16  0:48  Refinery  
  16  0:57  SCV  
  17  1:07  Engineering Bay  
  16  1:11  SCV  
  17  1:23  SCV  
  18  1:33  Reaper  
  19  1:40  Command Center  
  19  1:43  SCV  
  20  1:50  Refinery  
  20  1:55  SCV  
  21  2:12  Factory  
  21  2:23  Supply Depot  
  21  2:24  Barracks Reactor  
  21  2:28  Orbital Command  
  21  2:55  Orbital Command  
  21  3:00  Starport  
  21  3:06  SCV  
  21  3:09  Barracks Reactor  
  21  3:11  Refinery  
  22  3:13  Hellion  
  22  3:18  SCV  
  25  3:42  Liberator  
  25  3:43  Hellion x2  
  29  3:51  SCV  
  29  3:52  SCV  
  29  3:54  Armory  
  34  4:04  Hellion  
  34  4:05  Hellion  
  34  4:07  Barracks Tech Lab  
  39  4:10  SCV x2  
  40  4:24  Factory  
  40  4:26  Hellion x2  
  40  4:29  SCV  
  40  4:30  SCV  
  46  4:33  Refinery  
  46  4:41  Supply Depot  
  46  4:45  Liberator  
  46  4:55  Supply Depot  
  46  5:05  Barracks Tech Lab  
  46  5:06  Command Center  
  49  5:09  Hellion  
  49  5:13  Supply Depot  
  51  5:22  Supply Depot  
  51  5:23  Hellion  
  53  5:29  SCV  
  54  5:38  SCV  
  54  5:41  SCV  
Show
View Real Time Build Order
Export as new Build Order

JeanFer Zerg 

Build Orders: Pool First 

Get SALT Encoding   

  12  0:02  Drone  
  13  0:13  Overlord  
  13  0:20  Drone  
  14  0:38  Drone  
  14  0:39  Drone x2  
  17  0:57  Extractor  
  17  1:00  Spawning Pool  
  17  1:04  Drone x2  
  17  1:17  Drone  
  18  1:37  Hatchery  
  18  1:38  Drone x2  
  19  1:47  Queen  
  19  1:49  Drone  
  22  1:57  Overlord  
  22  2:12  Metabolic Boost  
  22  2:16  Drone  
  22  2:17  Drone  
  24  2:34  Baneling Nest  
  22  2:48  Zergling x2  
  22  2:49  Zergling x2  
  22  2:50  Zergling x2  
  25  3:00  Drone, Lair  
  25  3:01  Drone x2  
  25  3:02  Drone  
  25  3:03  Drone  
  30  3:07  Queen  
  32  3:22  Drone x2  
  32  3:25  Extractor  
  32  3:36  Drone x3  
  32  3:37  Drone  
  36  3:47  Overlord x2  
  36  3:55  Overlord  
  36  3:59  Centrifical Hooks  
  36  4:02  Overlord x2  
  36  4:05  Zergling x2  
  37  4:11  Zergling x4  
  37  4:16  Drone  
  40  4:18  Baneling x2  
  40  4:21  Drone x3  
  43  4:32  Drone  
  42  4:54  Baneling x2  
  42  4:55  Overlord x3, Baneling x4  
  42  4:58  Extractor  
  42  4:59  Zergling x2  
  42  5:00  Extractor, Zergling x8  
  42  5:01  Zergling x4  
  42  5:03  Drone x3  
  50  5:09  Overseer  
  50  5:14  Zergling x4  
  51  5:22  Evolution Chamber  
  51  5:25  Evolution Chamber  
  49  5:28  Roach Warren  
  49  5:30  Zergling x8  
  49  5:35  Evolution Chamber  
  51  5:37  Spine Crawler  
  50  5:46  Drone x4  
Tags
 
Add a new tag
Caveats
  • Supply blocks, unpowered buildings, or Contaminate may cause inaccurate times.
  • Supply counts are checked every 10 seconds.